[Event "CZE-ch Youth G16 2022"]
[Site "Luhacovice"]
[Date "2022.03.18"]
[Round "8.4"]
[White "Nagyova, Daniela"]
[Black "Sulcova, Tereza Radmila"]
[Result "1-0"]
[ECO "B01"]
[WhiteElo "1623"]
[BlackElo "1555"]
[Annotator "NA"]
[PlyCount "55"]
[EventDate "2022.03.12"]
[EventType "swiss"]
[EventCountry "CZE"]
[SourceTitle "playchess.com"]
[Source "ChessBase"]
[SourceQuality "1"]
[TimeControl "40/5400+30:1800+30"]

1. e4 d5 2. exd5 Nf6 3. Nc3 Nxd5 4. d4 Nxc3 5. bxc3 Bf5 6. Bc4 e6 7. Nf3 Nc6 8. Bb2 Be7 9. Qd2 a6 10. Bb3 O-O 11. h3 Be4 12. Qf4 Bxf3 13. Qxf3 Bf6 14. O-O Re8 15. Rad1 Qe7 16. Ba4 Qd6 17. c4 Qb4 18. Qb3 Qxb3 19. axb3 Red8 20. Bxc6 bxc6 21. c5 Rab8 22. Rd3 a5 23. Ra1 Rb5 24. Bc3 Rxc5 25. dxc5 Rxd3 26. Bxf6 Rd2 27. Be5 Rxc2 28. Rxa5 1-0

[Event "CZE-ch Youth G16 2022"]
[Site "Luhacovice"]
[Date "2022.03.18"]
[Round "8.6"]
[White "Smajzrova, Dominika"]
[Black "Macova, Marketa"]
[Result "1-0"]
[ECO "C42"]
[WhiteElo "1203"]
[BlackElo "1224"]
[Annotator "NA"]
[PlyCount "69"]
[EventDate "2022.03.12"]
[EventType "swiss"]
[EventCountry "CZE"]
[SourceTitle "playchess.com"]
[Source "ChessBase"]
[SourceQuality "1"]
[TimeControl "40/5400+30:1800+30"]

1. e4 e5 2. Nf3 Nf6 3. Nc3 Bc5 4. Nxe5 Nc6 5. Nxc6 dxc6 6. h3 Qd4 7. Qe2 Be6 8. d3 b5 9. Be3 Qd6 10. Bxc5 Qxc5 11. Qd2 Rd8 12. Ne2 Nxe4 13. Qf4 Nd6 14. Nd4 O-O 15. Rc1 Qb4+ 16. c3 Qxb2 17. Nxc6 Ra8 18. Be2 Qxa2 19. Bf3 Rae8 20. O-O Bd5 21. Nb4 Qa4 22. Nxd5 Qxf4 23. Nxf4 a5 24. Nd5 c5 25. Nb6 Re7 26. Ra1 Ra7 27. Rfe1 Re8 28. Rxe8+ Nxe8 29. Re1 Kf8 30. Bc6 Nd6 31. Nc8 Rc7 32. Nxd6 Re7 33. Rxe7 Kxe7 34. Nxb5 a4 35. Na3 1-0

[Event "CZE-ch Youth G16 2022"]
[Site "Luhacovice"]
[Date "2022.03.18"]
[Round "8.8"]
[White "Sehnoutkova, Laura"]
[Black "Sargsyan, Anna B."]
[Result "1-0"]
[ECO "A40"]
[WhiteElo "1126"]
[BlackElo "1602"]
[Annotator "NA"]
[PlyCount "61"]
[EventDate "2022.03.12"]
[EventType "swiss"]
[EventCountry "CZE"]
[SourceTitle "playchess.com"]
[Source "ChessBase"]
[SourceQuality "1"]
[TimeControl "40/5400+30:1800+30"]

1. d4 e5 2. dxe5 Nc6 3. Nf3 Qe7 4. e3 Nxe5 5. Nbd2 d6 6. Nxe5 dxe5 7. b3 g6 8. Bb2 Bg7 9. Be2 Bd7 10. Bf3 O-O-O 11. Qe2 Nh6 12. O-O Nf5 13. a4 Nh4 14. a5 Nxf3+ 15. Nxf3 Bc6 16. a6 Kb8 17. axb7 Bxb7 18. Qb5 Rd6 19. Ba3 Rb6 20. Qxb6 cxb6 21. Bxe7 e4 22. Nd4 Bf8 23. Bxf8 Rxf8 24. Nb5 a6 25. Nd6 a5 26. Nxb7 Kxb7 27. Rfd1 Rc8 28. c4 Rc7 29. Rd4 f5 30. Rad1 h5 31. Rd7 1-0

[Event "CZE-ch Youth G16 2022"]
[Site "Luhacovice"]
[Date "2022.03.19"]
[Round "9.1"]
[White "Voriskova, Anna"]
[Black "Smajzrova, Dominika"]
[Result "1-0"]
[ECO "D36"]
[WhiteElo "1812"]
[BlackElo "1203"]
[Annotator "NA"]
[PlyCount "73"]
[EventDate "2022.03.12"]
[EventType "swiss"]
[EventCountry "CZE"]
[SourceTitle "playchess.com"]
[Source "ChessBase"]
[SourceQuality "1"]
[TimeControl "40/5400+30:1800+30"]

1. d4 d5 2. c4 e6 3. Nc3 Nf6 4. cxd5 exd5 5. Bg5 Ng8 6. Bc1 Nf6 7. Bg5 c6 8. Qc2 Nbd7 9. e3 Qa5 10. Bd3 Bb4 11. Nf3 O-O 12. O-O Re8 13. Nd2 Bxc3 14. bxc3 Qd8 15. Bxh7+ Kh8 16. Bd3 b6 17. c4 Qc7 18. Bf4 Qd8 19. Bg3 Kg8 20. cxd5 cxd5 21. Rfc1 Nf8 22. Bb5 Bd7 23. Qa4 Bxb5 24. Qxb5 Ne6 25. a4 Qd7 26. Rab1 Qxb5 27. Rxb5 Rec8 28. Rbb1 Nd7 29. h3 a5 30. Nf3 f6 31. Nh4 Kf8 32. Nf5 g6 33. Nd6 Rd8 34. Nb5 Nb8 35. Nc7 Nxc7 36. Bxc7 Rc8 37. Bd6+ 1-0

[Event "CZE-ch Youth G16 2022"]
[Site "Luhacovice"]
[Date "2022.03.19"]
[Round "9.2"]
[White "Nespora, Tatana"]
[Black "Nagyova, Daniela"]
[Result "0-1"]
[ECO "C30"]
[WhiteElo "1452"]
[BlackElo "1623"]
[Annotator "NA"]
[PlyCount "72"]
[EventDate "2022.03.12"]
[EventType "swiss"]
[EventCountry "CZE"]
[SourceTitle "playchess.com"]
[Source "ChessBase"]
[SourceQuality "1"]
[TimeControl "40/5400+30:1800+30"]

1. e4 e5 2. f4 Bc5 3. Nf3 d6 4. c3 Nf6 5. d4 exd4 6. cxd4 Bb4+ 7. Bd2 Bxd2+ 8. Nbxd2 d5 9. e5 Qe7 10. Bd3 Nfd7 11. O-O c5 12. Qc2 Nc6 13. a3 g6 14. Rae1 c4 15. Nxc4 dxc4 16. Bxc4 Nb6 17. Ba2 Be6 18. b4 Rd8 19. Rd1 Nd5 20. Qc1 a6 21. Ng5 Nc7 22. Ne4 Nxd4 23. Nf6+ Qxf6 24. Rxd4 Qe7 25. Rxd8+ Qxd8 26. Bxe6 fxe6 27. Rd1 Nd5 28. Qc5 Kf7 29. g3 Qe7 30. Qxe7+ Kxe7 31. Rc1 Kd7 32. Kf2 Rc8 33. Rxc8 Kxc8 34. Ke2 Kc7 35. Kd3 Kc6 36. Kd4 Kb5 0-1

[Event "CZE-ch Youth G16 2022"]
[Site "Luhacovice"]
[Date "2022.03.19"]
[Round "9.3"]
[White "Seda, Michaela"]
[Black "Markova, Karolina"]
[Result "0-1"]
[ECO "B72"]
[WhiteElo "1364"]
[BlackElo "1589"]
[Annotator "NA"]
[PlyCount "120"]
[EventDate "2022.03.12"]
[EventType "swiss"]
[EventCountry "CZE"]
[SourceTitle "playchess.com"]
[Source "ChessBase"]
[SourceQuality "1"]
[TimeControl "40/5400+30:1800+30"]

1. e4 c5 2. Nf3 Nc6 3. d4 cxd4 4. Nxd4 g6 5. Nc3 Bg7 6. Be3 Nf6 7. Be2 d6 8. Qd2 O-O 9. Nxc6 bxc6 10. Bh6 Rb8 11. Bxg7 Kxg7 12. Rb1 Bb7 13. O-O e6 14. Rfd1 d5 15. e5 Nd7 16. f4 Qb6+ 17. Kh1 Rfd8 18. Bd3 c5 19. Bb5 d4 20. Bxd7 Rxd7 21. Re1 Rbd8 22. Ne4 Bxe4 23. Rxe4 c4 24. b3 Qc6 25. Rbe1 Qa6 26. bxc4 Qxc4 27. f5 exf5 28. Rh4 h5 29. Rxh5 Rh8 30. Rxh8 Kxh8 31. Rb1 Kg7 32. Qg5 Qe6 33. Rb5 Rc7 34. Qd2 Qc4 35. Rb1 Qxa2 36. Rf1 Qxc2 37. Qxd4 Qc4 38. Qxc4 Rxc4 39. Ra1 a5 40. Kg1 Rc5 41. Re1 a4 42. h3 a3 43. Re2 Ra5 44. Ra2 Kf8 45. Kf2 Ke7 46. Ke3 Ke6 47. Kd4 Ra4+ 48. Kc5 Kxe5 49. Re2+ Kf4 50. Ra2 Kg3 51. Kd5 f4 52. Ke5 f3 53. gxf3 Kxf3 54. Kf6 Ra7 55. Kg5 Ke3 56. h4 Kd3 57. Kg4 Kc3 58. Kf3 Kb3 59. Re2 a2 60. Re3+ Kc4 0-1

[Event "CZE-ch Youth G16 2022"]
[Site "Luhacovice"]
[Date "2022.03.19"]
[Round "9.4"]
[White "Hosova, Sandra"]
[Black "Mullerova, Karina Nela"]
[Result "1-0"]
[ECO "A80"]
[WhiteElo "1545"]
[BlackElo "1250"]
[Annotator "NA"]
[PlyCount "65"]
[EventDate "2022.03.12"]
[EventType "swiss"]
[EventCountry "CZE"]
[SourceTitle "playchess.com"]
[Source "ChessBase"]
[SourceQuality "1"]
[TimeControl "40/5400+30:1800+30"]

1. d4 f5 2. Bf4 Nf6 3. e3 e6 4. Bd3 d5 5. Nf3 c5 6. c3 Nc6 7. Nbd2 cxd4 8. exd4 Bd6 9. Ne5 Bxe5 10. dxe5 Nd7 11. Qh5+ g6 12. Qe2 a6 13. h4 Qe7 14. Nf3 h6 15. O-O-O Nc5 16. Bc2 b5 17. g4 Bb7 18. gxf5 gxf5 19. Bd2 O-O-O 20. Rhg1 Qf7 21. Rg2 Rdg8 22. Rxg8+ Qxg8 23. Rg1 Qf8 24. Rg6 Kd7 25. Qe3 h5 26. Ng5 Nd8 27. Rf6 Qe7 28. Bxf5 exf5 29. Rd6+ Ke8 30. Qxc5 Qxe5 31. Qc7 Qe7 32. Rxd8+ Qxd8 33. Qf7# 1-0

[Event "CZE-ch Youth G16 2022"]
[Site "Luhacovice"]
[Date "2022.03.19"]
[Round "9.5"]
[White "Sargsyan, Anna B."]
[Black "Fizerova, Lucie"]
[Result "0-1"]
[ECO "B56"]
[WhiteElo "1602"]
[BlackElo "1804"]
[Annotator "NA"]
[PlyCount "70"]
[EventDate "2022.03.12"]
[EventType "swiss"]
[EventCountry "CZE"]
[SourceTitle "playchess.com"]
[Source "ChessBase"]
[SourceQuality "1"]
[TimeControl "40/5400+30:1800+30"]

1. e4 c5 2. Nf3 d6 3. d4 cxd4 4. Nxd4 Nf6 5. Nc3 Nc6 6. Be3 e5 7. Nxc6 bxc6 8. h3 Be7 9. Bc4 O-O 10. O-O Nxe4 11. Be2 Nxc3 12. bxc3 d5 13. Rb1 f5 14. f4 e4 15. c4 Bf6 16. Bd4 Be6 17. cxd5 Qxd5 18. Bxf6 Rxf6 19. Qxd5 cxd5 20. Rfc1 d4 21. Bf1 Bxa2 22. Rb4 Rd6 23. Bc4+ Bxc4 24. Rxc4 a5 25. Rd1 Rad8 26. Rc5 Rd5 27. Rxd5 Rxd5 28. c3 d3 29. Kf2 Rc5 30. Ra1 h6 31. Ke3 g5 32. fxg5 hxg5 33. Kd4 Rc8 34. Rxa5 d2 35. Ra1 Rd8+ 0-1

[Event "CZE-ch Youth G16 2022"]
[Site "Luhacovice"]
[Date "2022.03.19"]
[Round "9.8"]
[White "Macova, Marketa"]
[Black "Sehnoutkova, Laura"]
[Result "1/2-1/2"]
[ECO "D53"]
[WhiteElo "1224"]
[BlackElo "1126"]
[Annotator "NA"]
[PlyCount "94"]
[EventDate "2022.03.12"]
[EventType "swiss"]
[EventCountry "CZE"]
[SourceTitle "playchess.com"]
[Source "ChessBase"]
[SourceQuality "1"]
[TimeControl "40/5400+30:1800+30"]

1. d4 d5 2. c4 e6 3. Nc3 Nf6 4. Bg5 Be7 5. e3 Bd7 6. Bxf6 Bxf6 7. cxd5 exd5 8. Nxd5 O-O 9. Bd3 Bc6 10. Nxf6+ Qxf6 11. Nf3 Nd7 12. e4 Nb6 13. O-O Rfe8 14. Qc2 Rac8 15. Rac1 Bd7 16. Rfe1 c6 17. Re3 g6 18. e5 Qe7 19. h4 Nd5 20. Ree1 Bg4 21. Nh2 Be6 22. h5 Qg5 23. hxg6 hxg6 24. g3 Kg7 25. Nf3 Qg4 26. Nh2 Qh3 27. Bf1 Qh5 28. Qe4 Rh8 29. Qh4 Qxh4 30. gxh4 Rxh4 31. Nf3 Rg4+ 32. Bg2 Nf4 33. Re4 Bd5 34. Rxf4 Rxf4 35. Rc3 Bxf3 36. Bxf3 Rxd4 37. Rb3 b5 38. Rc3 c5 39. Rc2 c4 40. Kf1 b4 41. b3 c3 42. Kg2 Rcd8 43. Kg3 Rd2 44. Rc1 Rxa2 45. Bd1 Rdd2 46. Bf3 Rxf2 47. Kg4 Rab2 1/2-1/2